 Dungeon Crawl Stone Soup version 0.28.0 (webtiles) character file.

Game seed: 12301548210598856745

916 issech the Cudgeller (level 7, -5/70 HPs)
             Began as a Troll Monk on Feb 6, 2022.
             Engulfed by a cloud of freezing vapour (29 damage)
             ... on level 5 of the Dungeon.
             The game lasted 00:12:03 (3685 turns).

issech the Cudgeller (Troll Monk)                   Turns: 3685, Time: 00:12:03

Health: -5/70      AC:  4    Str: 20    XL:     7   Next: 83%
Magic:  6/6        EV: 11    Int:  6    God:
Gold:   202        SH:  0    Dex: 14    Spells: 6/6 levels left

rFire   . . .      SeeInvis .   a - +0 mace
rCold   . . .      Faith    .   (no shield)
rNeg    . . .      Spirit   .   b - +0 robe
rPois   .          Reflect  .   (helmet restricted)
rElec   .          Harm     .   (no cloak)
rCorr   .          Rampage  .   (gloves unavailable)
Will    .....                   (boots unavailable)
Stlth   ++........              (no amulet)
HPRegen 1.01/turn               (no ring)
MPRegen 0.10/turn               (no ring)

@: no status effects
A: large, unfitting armour, claws 3, regeneration 1, shaggy fur 1, tough skin 1
a: no special abilities


You were on level 5 of the Dungeon.
You visited 1 branch of the dungeon, and saw 5 of its levels.

You collected 202 gold pieces.

Inventory:

Hand Weapons
 a - a +0 mace (weapon)
 k - a +0 antimagic whip
 l - a +2 hand axe of electrocution
 u - a +1 short sword of protection
 y - a +3 hand axe
Missiles
 d - 34 bolts
 e - 147 stones (quivered)
 j - 45 sling bullets
 m - 19 arrows
 x - 2 poisoned darts
Armour
 b - a +0 robe (worn)
Magical Staves
 h - a staff of cold
Scrolls
 c - 2 scrolls of teleportation {unknown}
 n - a scroll of noise {unknown}
 p - a scroll of fear {unknown}
 q - a scroll of identify {unknown}
 r - a scroll of blinking {unknown}
 s - a scroll of amnesia {unknown}
 v - a scroll of fog {unknown}
Potions
 f - a potion of attraction {unknown}
 g - a potion of flight {unknown}
 i - 3 potions of degeneration {unknown}
 o - a potion of invisibility {unknown}
 t - a potion of curing {unknown}
 w - a potion of haste {unknown}
 z - 2 potions of resistance


   Skills:
 + Level 4.1 Fighting
 + Level 6.3 Maces & Flails
 + Level 4.1 Dodging
 + Level 2.0 Stealth


You had 6 spell levels left.
You didn't know any spells.
Your spell library contained the following spells:

 Spells                   Type           Power      Damage    Failure   Level
 Ensorcelled Hibernation  Hex/Ice        0%         N/A       58%         2
 Spider Form              Tmut/Pois      0%         N/A       83%         3
 Tukima's Dance           Hex            0%         N/A       83%         3
 Anguish                  Hex/Necr       0%         N/A       99%         4
 Passage of Golubria      Tloc           0%         N/A       99%         4
 Yara's Violent Unravell  Hex/Tmut       0%         3d3       100%        5
 Malign Gateway           Summ/Tloc      0%         N/A       100%        7
 Summon Horrible Things   Summ           0%         N/A       100%        8


Dungeon Overview and Level Annotations

Branches:
Dungeon (5/15)
 Temple: D:4-7

Altars:
Fedhas
Yredelemnul
Zin

Annotations:
D:5 1 transporter


Innate Abilities, Weirdness & Mutations

You are too large for most types of armour.
You have claws for hands.
Your natural rate of healing is unusually fast.
You are covered in fur. (AC +1)
You have tough skin. (AC +1)


Message History

You miss the phantom.
The phantom is lightly damaged.
The phantom misses you.
The gnoll sergeant completely misses you.
The phantom completely misses you.
The gnoll sergeant hits you from afar with a +1 spear of venom!
* * * LOW HITPOINT WARNING * * *
You are poisoned.
You feel very sick.
You see here 17 gold pieces.
You feel very sick.
You feel very sick.
You feel very sick.
You feel sick.
You feel sick.
You feel sick.
You feel sick.
You feel sick.
You feel sick.
You feel sick.
You feel sick.
You are no longer poisoned.
There is a transporter here.
You enter the transporter and appear at another place.
The phantom barely misses you.
Unknown command.
The phantom hits you.
You see here a potion of resistance.
You hit the phantom but do no damage.
The phantom hits you but does no damage.
You closely miss the phantom.
The phantom hits you but does no damage.
You closely miss the phantom. The phantom hits you.
You sock the phantom!
The phantom is moderately damaged.
The phantom hits you.
The phantom blinks!
You blink.
You hit the phantom.
The phantom is moderately damaged.
You are engulfed in freezing vapours.
You die...

.....#.....g............†..##
>.......#######gSg.<...........
.....#..##############.....###.
.......g....##☼°○°°°☼######...
.....###..#.##○○○°°☼°# .##
.....#⌠#.S#..#○○#©#°.# #
...#.###g.##.#°°.§§°°#
####.........#○°#.#°☼#
#.......###@W...☼○#
#......######+++#### #...
#......# #.........# ....
#......# #.○.....○.# Z.g.
#......# #.........#


gg. ##..#.## #...$$$...# ..# #.##.####.○YY©(.○.##.# #. #.##.###########..#
####.##....##..gg...S.S# You could see a phantom, a gnoll sergeant and an adder.

Vanquished Creatures
  A scorpion (D:4)
  2 water moccasin zombies (D:4)
  A water moccasin skeleton (D:3)
  A wight (D:4)
  A centaur zombie (D:4)
  A hound (D:4)
  A jelly (D:4)
  2 orc priests
  A human zombie (D:4)
  An iguana (D:4)
  3 orc wizards
  3 scorpion zombies (D:4)
  3 hound skeletons
  4 hound zombies
  A howler monkey zombie (D:4)
  4 gnolls (D:4)
  10 adders
  An adder zombie (D:4)
  2 worms
  2 dart slugs
  10 orcs
  5 bats
  5 endoplasms
  2 giant cockroaches
  4 goblins
  6 hobgoblins
  7 ball pythons
  A frilled lizard (D:2)
  7 kobolds
  2 quokka skeletons (D:3)
  3 rats (D:3)
97 creatures vanquished.

Vanquished Creatures (others)
  7 withered plants (D:3)
7 creatures vanquished.

Grand Total: 104 creatures vanquished

Notes
Turn   | Place    | Note
-------+----------+-------------------------------------------
     0 | D:1      | issech the Troll Monk began the quest for the Orb.
     0 | D:1      | Reached XP level 1. HP: 22/22 MP: 0/0
   126 | D:1      | You fall into a shaft and drop 1 floor!
   155 | D:2      | Reached skill level 3 in Maces & Flails
   155 | D:2      | Reached XP level 2. HP: 22/29 MP: 1/1
   238 | D:2      | Reached XP level 3. HP: 36/36 MP: 2/2
  1185 | D:3      | Reached XP level 4. HP: 44/44 MP: 3/3
  1587 | D:3      | Reached skill level 4 in Maces & Flails
  1587 | D:3      | Reached XP level 5. HP: 53/53 MP: 4/4
  1682 | D:3      | Found a faded altar of an unknown god.
  2304 | D:4      | Reached XP level 6. HP: 49/61 MP: 5/5
  2540 | D:4      | Reached skill level 5 in Maces & Flails
  2622 | D:4      | Reached XP level 7. HP: 43/68 MP: 6/6
  2627 | D:4      | Found a basalt altar of Yredelemnul.
  3091 | D:4      | Reached skill level 6 in Maces & Flails
  3418 | D:4      | Found a blossoming altar of Fedhas.
  3418 | D:4      | Found a glowing silver altar of Zin.
  3550 | D:5      | Entered Level 5 of the Dungeon
  3550 | D:5      | Found a transporter.
  3616 | D:5      | Found a transporter.
  3685 | D:5      | Engulfed by a cloud of freezing vapour

Illustrated notes

Levels and vault maps discovered:
D:1:      eino_arrival_cavern_d, layout_loops_cross
D:2:      layout_basic
D:3:      layout_loops_corners, serial_undead, serial_undead_f, serial_undead_c,
          serial_undead_c, serial_undead_b,
          shapermc_ecumenical_altar_mp_highgroup
D:4:      layout_loops_ring, mainiacjoe_overflow_divided_tiny,
          lemuel_mausoleum_altar_yredelemnul, minmay_bent
D:5:      gammafunk_cloud_chamber, layout_rooms, feat_on_display, uniq_ijyb,
          uniq_eustachio, uniq_blork_the_orc

Skill      XL: |  1  2  3  4  5  6  7 |
---------------+----------------------+-----
Maces & Flails | 3 4 5 6 |  6.3
Dodging        | 3 4 |  4.1
Fighting       | 3 4 |  4.1
Stealth        | 2 |  2.0

Action                   |  1- 3 |  4- 6 |  7- 9 || total
-------------------------+-------+-------+-------++-------
Melee: Mace              |    69 |   238 |   145 ||   452
       Punch             |     3 |     6 |     3 ||    12
 Stab: Sleeping          |     1 |    10 |     2 ||    13
Armor: Robe              |    36 |    95 |    34 ||   165
Dodge: Dodged            |    47 |   105 |    89 ||   241
